 Dungeon Crawl Stone Soup version 0.29-a0-414-g5075937ec3 (webtiles) character file.

Game seed: 11781948380910138906

510 dolemite99 the Cleaver (level 6, -10/55 HPs)
             Began as a Deep Dwarf Fighter on May 16, 2022.
             Was an Initiate of Elyvilon.
             Mangled by an ogre
             ... wielding a +0 giant club
              (21 damage)
             ... on level 6 of the Dungeon.
             The game lasted 00:03:18 (2532 turns).

dolemite99 the Cleaver (Deep Dwarf Fighter)         Turns: 2532, Time: 00:03:19

Health: -10/55     AC: 10    Str: 21    XL:     6   Next: 98%
Magic:  6/6        EV:  7    Int:  9    God:    Elyvilon [......]
Gold:   144        SH:  4    Dex: 12    Spells: 5/5 levels left

rFire   . . .      SeeInvis .   a - +1 war axe
rCold   . . .      Faith    .   c - +0 buckler
rNeg    . . .      Spirit   .   k - +0 chain mail
rPois   .          Reflect  .   (no helmet)
rElec   .          Harm     .   p - +0 cloak
rCorr   .          Rampage  .   (no gloves)
Will    .....                   (no boots)
Stlth   ..........              (no amulet)
HPRegen 0.00/turn               (no ring)
MPRegen 0.10/turn               (no ring)

@: no status effects
A: damage resistance, heal wounds, sense surroundings 1, no regeneration
a: Heal Wounds, Renounce Religion


You were on level 6 of the Dungeon.
You worshipped Elyvilon.
Elyvilon was noncommittal.
You visited 2 branches of the dungeon, and saw 6 of its levels.

You collected 144 gold pieces.

Inventory:

Hand Weapons
 a - a +1 war axe (weapon)
Missiles
 l - 6 poisoned darts
Armour
 b - a +0 scale mail
 c - a +0 buckler (worn)
 k - a +0 chain mail (worn)
 p - a +0 cloak (worn)
Magical Staves
 q - a staff of cold
Jewellery
 f - a +6 ring of dexterity
Scrolls
 i - a scroll of teleportation
 j - 2 scrolls of identify {@r1}
 n - a scroll of enchant armour
Potions
 d - 2 potions of might
 e - 2 potions of magic {unknown}
 g - a potion of invisibility {unknown}
 h - 2 potions of heal wounds
 m - 2 potions of haste {unknown}
 o - a potion of mutation {unknown}


   Skills:
 - Level 2.6 Fighting
 + Level 8.4 Axes
 - Level 3.2 Armour
 - Level 3.2 Shields


You had 5 spell levels left.
You didn't know any spells.
Your spell library contained the following spells:

 Spells                   Type           Power      Damage    Failure   Level
 Call Canine Familiar     Summ           0%         N/A       100%        3
 Portal Projectile        Hex/Tloc       0%         N/A       100%        3
 Leda's Liquefaction      Hex/Erth       0%         N/A       100%        4


Dungeon Overview and Level Annotations

Branches:
Dungeon (6/15)             Temple (1/1) D:6

Altars:
Cheibriados
Elyvilon
Fedhas
Gozag
Kikubaaqudgha
Makhleb
Nemelex Xobeh
Okawaru
Qazlal
Sif Muna
Trog
Uskayaw
Vehumet
Wu Jian
Xom
Yredelemnul
Zin
The Shining One


Innate Abilities, Weirdness & Mutations

You are resistant to damage.
You can heal yourself by infusing magical energy.
You passively map a small area around you.
You do not regenerate.


Message History

There is a staircase back to the Dungeon here.
Found a basalt altar of Yredelemnul.
Found a bloodstained altar of Trog.
Found two altars.
Found a shimmering blue altar of Sif Muna.
Found an ancient bone altar of Kikubaaqudgha and a blossoming altar of Fedhas.
There is a shimmering blue altar of Sif Muna here.
Found a snail-covered altar of Cheibriados and a stormy altar of Qazlal.
Found a burning altar of Makhleb.
Found an ornate altar of the Wu Jian Council.
Found a shimmering altar of Xom.
Found a radiant altar of Vehumet.
Found a hide-covered altar of Uskayaw.
Found a glowing silver altar of Zin.
Found an opulent altar of Gozag.
Found a white marble altar of Elyvilon.
Found an iron altar of Okawaru.
Done exploring.
Done exploring.
There is a sparkling altar of Nemelex Xobeh here.
There is an iron altar of Okawaru here.
There is a white marble altar of Elyvilon here.
You kneel at the altar of Elyvilon.
Elyvilon welcomes you!
There is a staircase back to the Dungeon here.
You climb upwards.
Welcome back to the Dungeon!
There is a staircase to the Ecumenical Temple here.
There is an open door here.
There is an open door here.
Found a stone staircase leading up.
An ogre comes into view. It is wielding a +0 giant club.
The ogre shouts!
You slash the ogre!
The ogre is heavily wounded.
The ogre hits you with a +0 giant club!!
* * * LOW HITPOINT WARNING * * *
You slash the ogre!
The ogre is almost dead.
The ogre hits you with a +0 giant club!!
You die...

, , , ..# , *#. * #.# * .
#.# #.# , *.### * #.# #.#
,, , , ..# #.####.# , ,
.<.,,, #....).# **
#.#***###'####.# ,
,,,,,#O# #.....##)# * #@#
*#.###.##.# *, ##.##*
+.#>'.'..# * *
##...##.#.###.#..#
##.####.......#.....##.#
#..........######'####.#
#..####...#####...####.##
, #.##..............## ,
, #.##.####....#.#.... *
#.##.# ##....#.#.##


You could see an ogre.

Vanquished Creatures
  An ogre (D:6)
  2 bullfrogs (D:6)
  A necrophage (D:4)
  An orc priest (D:6)
  Jessica (D:2)
  An orc wizard (D:3)
  5 gnolls
  5 adders
  A white imp (D:3)
  A dart slug (D:1)
  9 orcs
  5 ball pythons
  8 bats
  3 endoplasms
  2 giant cockroaches
  4 goblins
  A hobgoblin (D:3)
  5 frilled lizards
  6 kobolds
  8 rats
70 creatures vanquished.

Vanquished Creatures (collateral kills)
  A quokka (D:3)
1 creature vanquished.

Vanquished Creatures (others)
  A fungus (D:1)
  2 plants (D:1)
3 creatures vanquished.

Grand Total: 74 creatures vanquished

Notes
Turn   | Place    | Note
-------+----------+-------------------------------------------
     0 | D:1      | dolemite99 the Deep Dwarf Fighter began the quest for the
                  | Orb.
     0 | D:1      | Reached XP level 1. HP: 20/20 MP: 1/1
   108 | D:1      | Reached skill level 3 in Axes
   108 | D:1      | Reached XP level 2. HP: 27/27 MP: 2/2
   500 | D:1      | Found a faded altar of an unknown god.
   579 | D:2      | Reached skill level 4 in Axes
   579 | D:2      | Reached XP level 3. HP: 26/33 MP: 3/3
   822 | D:2      | Reached XP level 4. HP: 27/40 MP: 4/4
   834 | D:2      | Noticed Jessica
   848 | D:2      | Killed Jessica
   849 | D:2      | Reached skill level 5 in Axes
  1081 | D:2      | Found a snail-covered altar of Cheibriados.
  1279 | D:3      | Reached XP level 5. HP: 43/46 MP: 5/5
  1392 | D:3      | Reached skill level 6 in Axes
  2101 | D:4      | Reached skill level 7 in Axes
  2101 | D:4      | Reached XP level 6. HP: 27/55 MP: 6/6
  2238 | D:4      | You fall into a shaft and drop 2 floors!
  2359 | D:6      | Reached skill level 8 in Axes
  2377 | D:6      | Found a staircase to the Ecumenical Temple.
  2381 | Temple   | Entered the Ecumenical Temple
  2497 | Temple   | Became a worshipper of Elyvilon the Healer
  2532 | D:6      | Mangled by an ogre

Illustrated notes

Levels and vault maps discovered:
D:1:      pf_arrival_petrified_forest, layout_rooms,
          shapermc_ecumenical_altar_acropolis
D:2:      minmay_evil_eye, layout_basic, basic_altar,
          kennysheep_generic_room_13, uniq_jessica
D:3:      layout_loops_cross
D:4:      layout_layer_cave
D:6:      layout_loops_ring, minmay_temple_entry_glassed_door, uniq_grinder
Temple:   mainiacjoe_temple_coin_purse

Skill      XL: |  1  2  3  4  5  6 |
---------------+-------------------+-----
Axes           | 3 4 5 7 8 |  8.4
Fighting       | |  2.6
Armour         | |  3.2
Shields        | |  3.2

Action                   |  1- 3 |  4- 6 || total
-------------------------+-------+-------++-------
Melee: War axe           |    86 |   128 ||   214
 Abil: Heal Wounds       |       |     3 ||     3
  Use: Scroll            |     1 |     6 ||     7
Armor: Scale mail        |    25 |       ||    25
       Chain mail        |    42 |    76 ||   118
Dodge: Dodged            |    50 |    61 ||   111
Block: Buckler           |    31 |    26 ||    57

Table legend: (Time is in decaauts)
 A = Elapsed time spent in this place.
 B = Non-inter-level travel time spent in this place.
 C = Inter-level travel time spent in this place.
 D = Time resting spent in this place.
 E = Time spent auto-exploring this place.
 F = Levels seen in this place.
 G = Mean time per level.
                   A        B        C        D        E       F      G
               +--------+--------+--------+--------+--------+-----+--------+
         Total |   2594 |   2433 |    161 |    223 |   1427 |   6 |  432.3 |
       Dungeon |   2466 |   2331 |    135 |    223 |   1347 |   5 |  493.2 |
        Temple |    127 |    101 |     26 |      0 |     80 |   1 |  127.0 |
               +--------+--------+--------+--------+--------+-----+--------+

Top non-repeatable levels by time:
     D:2: 759 daAuts
     D:3: 721 daAuts
     D:1: 541 daAuts
     D:4: 273 daAuts
     D:6: 171 daAuts
  Temple: 127 daAuts
